cohdb
Replays
Latest Replays
All Replays
Popular Replays
Top Player Replays
Match Explorer
How It Works
Community
CoH3 Stats
Reddit
Sign in to upload your games and track your stats! →
Sign in with Steam
Match 47066784
Unlisted
Match 47066784
Overview
Messages
Build Orders
End
Kradschützen Motorcycle Team
Selects Italian Combined Arms Battlegroup
Selects Bersaglieri Squad
Bersaglieri Squad
Bersaglieri Squad
Bersaglieri Squad
Construct Light Support Kompanie
Fire Support Elements
Flakvierling Half-track
Panzerjäger Mechanized Group
Combat Half-tracks
2.5-tonne Medical Truck
Selects Semovente da 75/18 Assault Gun
Construct Panzerarmee Kommand
Billy Mitchell
poe2 is
Buffallobang
Crossea
catchitin
SMAW
0
0
Comments
sign in to comment!
No comments posted yet!